 Dungeon Crawl Stone Soup version 0.17.1-3-g152610e (webtiles) character file.

655 Zhenya25pyc the Cudgeler (level 7, -2/44 HPs)
             Began as a Gargoyle Fighter on Apr 1, 2016.
             Slain by an ice beast (9 damage)
             ... on level 5 of the Dungeon.
             The game lasted 00:11:51 (3305 turns).

Zhenya25pyc the Cudgeler (Gargoyle Fighter)         Turns: 3305, Time: 00:11:51

Health: -2/44      AC: 11    Str: 22    XL:     7   Next: 54%
Magic:  7/7        EV:  7    Int:  8    God:
Gold:   200        SH:  9    Dex:  9    Spells: 0 memorised, 6 levels left

rFire  . . .     SeeInvis .     w - +0 mace (crush)
rCold  . . .     Clarity  .     b - +0 scale mail
rNeg   + . .     SustAt   .     c - +0 shield
rPois  ∞         Gourm    .     (no helmet)
rElec  +         Spirit   .     q - +0 cloak
rCorr  .         Warding  .     f - +0 pair of gloves
rMut   .         Stasis   +     E - +0 pair of boots
MR     .....                    t - amulet of stasis
Stlth  ..........               (no ring)
                                (no ring)

@: corroded equipment, not resistant to hostile enchantments, extremely
unstealthy
A: negative energy resistance 1, electricity resistance, unbreathing,
petrification resistance, rot immunity, AC +4
a: no special abilities


You were on level 5 of the Dungeon.
You were not hungry.

You visited 1 branch of the dungeon, and saw 5 of its levels.

You collected 200 gold pieces.

Inventory:

Hand Weapons
 a - a +0 flail
 w - a +0 mace of crushing (weapon)
Armour
 b - a +0 scale mail (worn)
 c - a +0 shield (worn)
 f - a +0 pair of gloves (worn)
 q - a +0 cloak (worn)
 E - a +0 pair of boots (worn)
Jewellery
 t - an amulet of stasis (around neck)
Scrolls
 g - 2 scrolls of fear {unknown}
 k - 3 scrolls of identify {unknown}
 n - a scroll of magic mapping {unknown}
 o - a scroll of enchant armour {unknown}
 r - 3 scrolls of remove curse {unknown}
 y - a scroll of enchant weapon {unknown}
 C - a scroll of amnesia {unknown}
Potions
 d - a potion of might
 i - 4 potions of haste {unknown}
 j - 4 potions of lignification {unknown}
 m - 2 potions of curing
 x - a potion of poison {unknown}
 A - a potion of agility {unknown}
 B - a potion of resistance {unknown}
 F - a potion of magic {unknown}
Books
 D - a book of Air

   Spells                             Type                      Level
   a - Shock                          Conjuration/Air              1
   b - Swiftness                      Charms/Air                   2
   c - Repel Missiles                 Charms/Air                   2
   d - Static Discharge               Conjuration/Air              3
   e - Lightning Bolt                 Conjuration/Air              5
Comestibles
 e - 2 bread rations
 l - 3 meat rations
 p - 3 beef jerkies
 s - a royal jelly
 u - 9 chunks of flesh
 v - a slice of pizza
 z - 2 fruits


   Skills:
 + Level 5.3 Fighting
 * Level 6.0 Maces & Flails
 + Level 5.2 Armour
 - Level 3.4 Shields


You had 6 spell levels left.
You didn't know any spells.

Dungeon Overview and Level Annotations

Branches:
Dungeon (5/15)
 Temple: D:4-7

Altars:
Ashenzari
Cheibriados
Fedhas
Makhleb
Ru
Xom
Zin

Shops:
D:4 [


Innate Abilities, Weirdness & Mutations

You are resistant to torment.
Your stone body is resilient (AC +4).
You are immune to poison.
You resist negative energy.
You are resistant to electric shocks.
You can survive without breathing.
You are immune to petrification.
You are immune to rotting.


Message History

The jelly hits you but does no damage. You block the ice beast's attack.
You hit the ice beast.
The ice beast is almost dead.
The jelly barely misses you. The ice beast barely misses you.
You hit the ice beast but do no damage.
The ice beast is almost dead.
The jelly hits you.
* * * LOW HITPOINT WARNING * * *
You are splashed with acid!
The acid burns!
* * * LOW HITPOINT WARNING * * *
The ice beast hits you but does no damage.
You feel much better. The jelly barely misses you. The ice beast hits you.
The ice beast freezes you!
* * * LOW HITPOINT WARNING * * *
You barely miss the ice beast.
The ice beast is almost dead.
You block the jelly's attack. The ice beast hits you.
* * * LOW HITPOINT WARNING * * *
The ice beast freezes you!
You die...

.#.#.#.#.#### #
#.#.#.#)#.#.# .##.#
.#.#.#.#.#.## #....#
#.#.#.#.#.#.#####.#.#.#.
.#.#.#.#.#.#.#.#.#......
#.#.#.#.#.#.#.#.#.....#
.#.#.#.#.#.#)#.#.#....
..#.#.#.#.#.#.#.#J.#
.#.#.#.#.#.#.#.#@#
#.#.#.#.#.#.#.#Y#.......
#.#.#.#.#.#.#.#.###..##
.#.#.#.#.#.# #.# #
.#.#.#Y#.# ## .#.#.#.#
.#.#.# .#.# .#


You could see an ice beast and a jelly.

Vanquished Creatures
  An ogre (D:4)
  A centaur (D:5)
  A scorpion (D:4)
  3 orc priests
  4 orc wizards (D:4)
  2 worker ants
  4 gnolls (D:4)
  6 adders
  An ooze (D:3)
  An adder skeleton (D:4)
  3 worms
  3 giant geckos
  19 orcs
  4 bats
  6 giant cockroaches
  4 hobgoblins
  A giant newt (D:1)
  5 goblins
  3 jackals (D:3)
  3 kobolds
  3 quokkas
  7 rats
85 creatures vanquished.

Notes
Turn   | Place    | Note
--------------------------------------------------------------
     0 | D:1      | Zhenya25pyc the Gargoyle Fighter began the quest for the Orb.
     0 | D:1      | Reached XP level 1. HP: 14/14 MP: 1/1
   412 | D:1      | Reached XP level 2. HP: 19/19 MP: 2/2
   848 | D:2      | Reached XP level 3. HP: 18/23 MP: 3/3
   885 | D:2      | Found a burning altar of Makhleb.
   885 | D:2      | Found a blossoming altar of Fedhas.
   985 | D:2      | Reached skill level 4 in Armour
   991 | D:2      | Found a blossoming altar of Fedhas.
  1071 | D:2      | Found a sacrificial altar of Ru.
  1143 | D:2      | Reached XP level 4. HP: 24/29 MP: 4/4
  1622 | D:3      | Found a snail-covered altar of Cheibriados.
  1622 | D:3      | Found a shattered altar of Ashenzari.
  1622 | D:3      | Found a glowing silver altar of Zin.
  1726 | D:3      | Reached XP level 5. HP: 18/33 MP: 5/5
  2283 | D:4      | Reached XP level 6. HP: 39/39 MP: 6/6
  2702 | D:4      | Reached skill level 5 in Maces & Flails
  2864 | D:4      | Found a shimmering altar of Xom.
  2971 | D:4      | Reached skill level 5 in Fighting
  2971 | D:4      | Reached XP level 7. HP: 40/44 MP: 7/7
  3004 | D:4      | Found Vuduck's Antique Armour Emporium.
  3022 | D:4      | Noticed an ogre
  3030 | D:4      | Killed an ogre
  3030 | D:4      | Reached skill level 5 in Armour
  3186 | D:5      | Entered Level 5 of the Dungeon
  3270 | D:5      | Reached skill level 6 in Maces & Flails
  3305 | D:5      | Slain by an ice beast

Action                   |  1- 3 |  4- 6 |  7- 9 || total
-------------------------+-------+-------+-------++-------
Melee: Flail             |   110 |    54 |       ||   164
       Mace              |       |   153 |    58 ||   211
  Use: Potion            |       |     2 |     1 ||     3
  Eat: Chunk             |     1 |     2 |       ||     3
       Bread ration      |       |     1 |     1 ||     2
